 Dungeon Crawl Stone Soup version 0.31-a0-955-gcb8bc90ed4 (webtiles) character file.

Game seed: 2804824287528705958

5065 BinkBink the Carver (level 10, -1/66 HPs)
             Began as a Tengu Monk on Oct 22, 2023.
             Was an Elder of the Shining One.
             Slain by a tentacled starspawn (3 damage)
             ... on level 1 of the Abyss.
             The game lasted 00:14:40 (6711 turns).

BinkBink the Carver (Tengu Monk)                    Turns: 6711, Time: 00:14:41

Health: -1/66      AC:  3    Str: 11    XL:     10   Next: 56%
Magic:  11/11      EV: 21    Int: 10    God:    the Shining One [****..]
Gold:   520        SH:  0    Dex: 22    Spells: 9/9 levels left

rFire   . . .        a - +1 falchion
rCold   . . .        d - orb {light}
rNeg    + + .        b - +0 robe
rPois   .            (helmet restricted)
rElec   .            r - +0 cloak
rCorr   .            (no gloves)
SInv    +            (boots unavailable)
Will    .....        (no amulet)
Stlth   +            k - ring of see invisible
HPRegen 0.31/turn    (no ring)
MPRegen 0.12/turn

%: acrobat
@: about to teleport, flying, glowing, constricted
A: beak, talons 3, evasive flight, acrobatic
a: Renounce Religion, Divine Shield, Cleansing Flame


You were on level 1 of the Abyss.
You worshipped the Shining One.
The Shining One was greatly pleased with you.
You visited 2 branches of the dungeon, and saw 8 of its levels.
You visited the Abyss 1 time.
You also visited: Ossuary.

You collected 520 gold pieces.

Inventory:

Hand Weapons
 a - a +1 falchion (weapon)
Missiles
 u - 2 throwing nets
Armour
 b - a +0 robe (worn)
 d - an orb of light (worn)
 r - a +0 cloak (worn)
Jewellery
 k - a ring of see invisible (left hand)
 w - a ring of wizardry
Wands
 g - a wand of polymorph (12)
 n - a wand of charming (5)
 p - a wand of roots (10)
 t - a wand of flame (17)
Scrolls
 o - 2 scrolls of fear
 q - a scroll of identify
 s - a scroll of amnesia
Potions
 c - a potion of ambrosia
 e - 5 potions of berserk rage
 f - 2 potions of magic
 i - a potion of enlightenment
 j - 2 potions of curing
 l - 2 potions of haste
 v - a potion of invisibility


   Skills:
 + Level 9.1 Fighting
 * Level 13.5 Long Blades
 + Level 9.9 Dodging


You had 9 spell levels left.
You didn't know any spells.
Your spell library contained the following spells:

 Spells                   Type           Power      Damage    Failure   Level
 Sandblast                Erth           0%         2d4       36%         1
 Shock                    Conj/Air       0%         1d3       36%         1
 Ensorcelled Hibernation  Hex/Ice        0%         N/A       50%         2
 Jinxbite                 Hex            0%         N/A       50%         2
 Passwall                 Tmut/Erth      0%         N/A       50%         2
 Stone Arrow              Conj/Erth      0%         3d7       75%         3
 Swiftness                Air            0%         N/A       75%         3
 Airstrike                Air            0%         2d(0-16)  98%         4
 Anguish                  Hex/Necr       0%         N/A       98%         4
 Brom's Barrelling Bould  Conj/Erth      0%         2d3       98%         4


Dungeon Overview and Level Annotations

Branches:
Dungeon (7/15)             Temple (1/1) D:7         Ossuary (visited)

Altars:
Ashenzari
Cheibriados
Dithmenos
Elyvilon
Fedhas
Gozag
Hepliaklqana
Kikubaaqudgha
Makhleb
Nemelex Xobeh
Okawaru
Ru
Trog
Uskayaw
Vehumet
Wu Jian
Xom
Yredelemnul
Zin
The Shining One

Shops:
D:6 *


Innate Abilities, Weirdness & Mutations

You have a beak for a mouth.
You have claws for feet.
Your magical flight helps you evade attacks. (EV +4)
You can magically evade attacks while moving or waiting.


Message History

The starspawn tentacle completely misses you. x2
The tentacled starspawn bites you!! The tentacled starspawn misses you.
You slash the tentacled starspawn! You claw the tentacled starspawn.
You peck the tentacled starspawn, but do no damage.
The tentacled starspawn is moderately damaged.
You slash the tentacled starspawn! You claw the tentacled starspawn.
The tentacled starspawn is heavily damaged.
The starspawn tentacle barely misses you.
The starspawn tentacle grabs you. The starspawn tentacle constricts you.
The tentacled starspawn barely misses you.
The tentacled starspawn tentacle-slaps you!
You hit the tentacled starspawn.
The starspawn tentacle loses its grip on you.
You claw the tentacled starspawn, but do no damage.
The tentacled starspawn is heavily damaged.
The tentacled starspawn bites you.
* * * LOW HITPOINT WARNING * * *
The tentacled starspawn completely misses you.
The starspawn tentacle completely misses you.
The starspawn tentacle barely misses you.
You slash the tentacled starspawn!
The tentacled starspawn is severely damaged.
You slash the tentacled starspawn! You claw the tentacled starspawn!
The tentacled starspawn is almost destroyed.
The starspawn tentacle completely misses you.
The starspawn tentacle grabs you. The starspawn tentacle constricts you.
* * * LOW HITPOINT WARNING * * *
The tentacled starspawn bites you but does no damage.
The tentacled starspawn tentacle-slaps you!
* * * LOW HITPOINT WARNING * * *
You feel much better. The tentacled starspawn bites you!
* * * LOW HITPOINT WARNING * * *
The tentacled starspawn tentacle-slaps you!!
The Shining One protects you from harm! The starspawn tentacle constricts you.
* * * LOW HITPOINT WARNING * * *
You feel much better. The tentacled starspawn bites you!!
* * * LOW HITPOINT WARNING * * *
The tentacled starspawn tentacle-slaps you.
You die...

. ## .. .#
#.##. §#
#. ..#. §.
.. ...##
#.##.
....# ...
... #
/#│##
#.#<#.w.#
#..X@##..
.#
#...##w..#
.. ##
##.... #
..#.#..
##..# .#
### .. .


You could see a tentacled starspawn and 2 starspawn tentacles.

Vanquished Creatures
  3 flying skulls (Abyss:1)
  Eustachio (D:5)
  3 water moccasins
  A black bear (D:7)
  A sky beast (D:7)
  4 ice beasts
  2 ogres
  2 phantoms (D:6)
  2 kobold brigands (D:7)
  2 elf zombies (Ossuary)
  A gnoll sergeant (D:6)
  3 scorpions
  2 bullfrogs (D:7)
  5 wights (D:7)
  2 howler monkeys
  A centaur zombie (Ossuary)
  3 orc priests
  A gnoll bouda (D:5)
  A hound (D:7)
  A jelly (D:7)
  3 sleepcaps
  3 iguanas
  7 orc wizards
  2 mummies (Ossuary)
  5 adders
  8 gnolls
  2 white imps
  4 worms
  A dart slug (D:1)
  19 orcs
  9 endoplasms
  8 giant cockroaches
  3 gnoll zombies (Ossuary)
  10 goblins
  6 hobgoblins
  2 jackals (D:1)
  14 kobolds
  2 quokkas
  5 ball pythons
  5 bats
  5 frilled lizards
  3 goblin zombies (Ossuary)
  4 hobgoblin zombies (Ossuary)
  An orc zombie (Ossuary)
  6 rats
178 creatures vanquished.

Notes
Turn   | Place    | Note
-------+----------+-------------------------------------------
     0 | D:1      | BinkBink the Tengu Monk began the quest for the Orb.
     0 | D:1      | Reached XP level 1. HP: 14/14 MP: 2/2
   118 | D:1      | Reached XP level 2. HP: 13/19 MP: 3/3
   336 | D:1      | Reached XP level 3. HP: 23/23 MP: 4/4
   346 | D:1      | Reached skill level 4 in Long Blades
   838 | D:2      | Reached XP level 4. HP: 28/28 MP: 5/5
  1246 | D:3      | Reached XP level 5. HP: 23/33 MP: 6/6
  1358 | D:3      | Reached skill level 5 in Long Blades
  2482 | D:5      | Entered Level 5 of the Dungeon
  2582 | D:5      | Reached XP level 6. HP: 31/38 MP: 7/7
  2727 | D:5      | Noticed a water moccasin
  2746 | D:5      | Killed a water moccasin
  2747 | D:5      | Reached skill level 6 in Long Blades
  2868 | D:5      | Reached skill level 5 in Dodging
  2868 | D:5      | Gained mutation: Your magical flight helps you evade
                  | attacks. (EV +4) [Tengu growth]
  2868 | D:5      | Reached XP level 7. HP: 38/44 MP: 8/8
  3295 | D:5      | Noticed Eustachio
  3825 | D:5      | Killed Eustachio
  3826 | D:5      | Reached skill level 5 in Fighting
  3826 | D:5      | Reached skill level 7 in Long Blades
  3860 | D:6      | Reached XP level 8. HP: 49/49 MP: 9/9
  4143 | D:6      | Reached skill level 8 in Long Blades
  4146 | D:6      | Found Taiduruq's Neck Hole.
  4648 | D:5      | Reached skill level 12 in Long Blades
  4648 | D:5      | Reached XP level 9. HP: 60/60 MP: 10/10
  5104 | D:7      | Found a staircase to the Ecumenical Temple.
  5119 | D:7      | Reached XP level 10. HP: 38/65 MP: 11/11
  5129 | Temple   | Entered the Ecumenical Temple
  5134 | Temple   | Became a worshipper of the Shining One
  5134 | Temple   | Reached * piety under the Shining One
  5134 | Temple   | Reached ** piety under the Shining One
  5287 | D:7      | Reached skill level 13 in Long Blades
  5613 | D:7      | Found a sand-covered staircase.
  5620 | Ossuary  | Entered an ossuary
  6070 | Ossuary  | Reached *** piety under the Shining One
  6443 | D:7      | Found a shimmering altar of Xom.
  6446 | Abyss:1  | Cast into level 1 of the Abyss (crimson imp)
  6494 | Abyss:1  | Noticed an Executioner
  6494 | Abyss:1  | Reached **** piety under the Shining One
  6496 | Abyss:1  | Noticed a large abomination
  6699 | Abyss:1  | Noticed a tentacled starspawn
  6709 | Abyss:1  | HP: 1/66 [tentacled starspawn (17)]
  6710 | Abyss:1  | The Shining One protects you from harm!
  6711 | Abyss:1  | Slain by a tentacled starspawn

Illustrated notes

Levels and vault maps discovered:
D:1:      dpeg_arrival_more_subterranean_lakeside_camping, layout_rooms,
          dk_noncrumbling_3
D:2:      layout_rooms
D:3:      layout_loops_cross, serial_forest, infiniplex_forest_lined_4_way,
          infiniplex_forest_end_1, infiniplex_forest_end_2,
          infiniplex_forest_lined_1, infiniplex_forest_clump_small,
          infiniplex_forest_clump_double, infiniplex_forest_straight_4,
          nicolae_concentric_dashed_squares_mild
D:4:      layout_rooms
D:5:      layout_basic, due_unseen_surprise, uniq_eustachio
D:6:      layout_loops_cross, nicolae_shop_sticking_my_neck_out
D:7:      layout_basic, led_xom_imps, minmay_temple_entry_overgrown,
          chequers_ossuary_entry_cave, interstate_on_off
Temple:   hellmonk_temple_of_storms
Abyss:1:  base: D:4, minivault_19, minivault_19

Skill      XL: |  1  2  3  4  5  6  7  8  9 10 |
---------------+-------------------------------+-----
Long Blades    | 4 5 6 7 12 13 | 13.5
Dodging        | 4 5 9 |  9.9
Fighting       | 4 5 8 9 |  9.1

Action                     |  1- 3 |  4- 6 |  7- 9 | 10-12 || total
---------------------------+-------+-------+-------+-------++-------
  Melee: Falchion          |    63 |   184 |   136 |   174 ||   557
         Kick              |    16 |    79 |    65 |    76 ||   236
         Peck              |     9 |    42 |    35 |    43 ||   129
    Use: Potion            |       |     1 |     2 |     2 ||     5
         Scroll            |       |       |    16 |     4 ||    20
 Armour: Robe              |    18 |    39 |    35 |    43 ||   135
  Dodge: Dodged            |    51 |    88 |    98 |   112 ||   349

Table legend: (Time is in decaauts)
 A = Elapsed time spent in this place.
 B = Non-inter-level travel time spent in this place.
 C = Inter-level travel time spent in this place.
 D = Time resting spent in this place.
 E = Time spent auto-exploring this place.
 F = Levels seen in this place.
 G = Mean time per level.
                   A        B        C        D        E       F      G
               +--------+--------+--------+--------+--------+-----+--------+
         Total |   6649 |   6333 |    316 |   1162 |   3624 |  10 |  664.9 |
       Dungeon |   5791 |   5483 |    308 |    642 |   3540 |   7 |  827.3 |
        Temple |     10 |      2 |      8 |      0 |      0 |   1 |   10.0 |
         Abyss |    253 |    253 |      0 |    120 |      0 |   1 |  253.0 |
       Ossuary |    593 |    593 |      0 |    400 |     84 |   1 |  593.0 |
               +--------+--------+--------+--------+--------+-----+--------+

Top non-repeatable levels by time:
     D:5: 1305 daAuts
     D:6: 1149 daAuts
     D:3: 933 daAuts
     D:7: 717 daAuts
     D:1: 657 daAuts
 Ossuary: 593 daAuts
     D:4: 534 daAuts
     D:2: 494 daAuts
 Abyss:1: 253 daAuts
  Temple: 10 daAuts
